Minnesota North Stars vs Vegas Golden Knights
Created - Thursday, September 25, 2025 at 07:46
Goals
|
| Minnesota North Stars |
3 |
1 |
2 |
6 |
| Vegas Golden Knights |
0 |
1 |
3 |
4 |
|
Shots
|
| Minnesota North Stars |
11 |
12 |
11 |
34 |
| Vegas Golden Knights |
11 |
11 |
11 |
33 |
|
1st period
1. Minnesota North Stars , Jack Hughes 17 (Frank Vatrano 12, Niko Mikkola 7) at 3:47
2. Minnesota North Stars , William Eklund 11 (Mattias Janmark 5, William Karlsson 9) at 10:43 (SH)
3. Minnesota North Stars , Jack Hughes 18 (Jonathan Marchessault 15) at 13:51 (PP)
Penalties :
Roman Josi (VGK) for Roughing (Double Minor) at 3:57, Evgeni Malkin (MNS) for Roughing (Minor) at 10:15, Anthony Mantha (VGK) for Delaying the game (Minor) at 12:49
2nd period
4. Minnesota North Stars , Jack Hughes 19 (Valeri Nichushkin 18) at 9:52 (PP)
5. Vegas Golden Knights , Tyler Toffoli 21 (Jared McCann 23, Sean Monahan 29) at 11:24
Penalties :
Sean Monahan (VGK) for Tripping (Minor) at 2:41, Anthony Mantha (VGK) for High sticking (Minor) at 9:37
3rd period
6. Vegas Golden Knights , Bryan Rust 18 (Mika Zibanejad 23, Shea Theodore 14) at 1:54
7. Vegas Golden Knights , Jordan Staal 6 (Reilly Smith 6, Mathew Barzal 8) at 6:51
8. Vegas Golden Knights , Bryan Rust 19 (Auston Matthews 29, Mika Zibanejad 24) at 9:36
9. Minnesota North Stars , William Karlsson 6 (Mattias Janmark 6, Ivan Barbashev 6) at 14:14
10. Minnesota North Stars , Valeri Nichushkin 21 (Ryan Nugent-Hopkins 12, Mattias Janmark 7) at 19:56 (Empty Net)
Penalties :
Niko Mikkola (MNS) for Unsportsmanlike conduct (Minor) at 4:04, Niko Mikkola (MNS) for High sticking (Minor) at 14:33
Goalie Stats
Logan Thompson (MNS), 29 saves from 33 shots - (0.879), W, 19-5-1, 60:00 minutes
Sergei Bobrovsky (VGK), 28 saves from 33 shots - (0.848), L, 8-8-3, 58:40 minutes
Players Stats for Minnesota North Stars
Player Name G A P +/- PIM S H SB GA TA FO MP PP MP PK MP
------------------------------------------------------------------------------------
Brock Nelson 0 0 0 0 0 2 3 0 1 1 14/17 15:42 3:12 0:00
Erik Cernak 0 0 0 1 0 0 2 0 0 0 0/0 19:55 1:11 2:41
Evgeni Malkin 0 0 0 0 2 0 0 1 0 0 0/2 16:15 2:35 0:00
Frank Vatrano 0 1 1 0 0 1 1 1 0 1 0/1 14:14 0:36 0:00
Gustav Forsling 0 0 0 -1 0 2 0 0 0 0 0/0 21:40 2:41 3:32
Ivan Barbashev 0 1 1 1 0 1 0 0 0 0 0/0 6:23 0:00 0:00
Jack Hughes 3 0 3 0 0 4 1 1 1 0 5/12 16:12 2:34 0:00
Jonathan Marchessault 0 1 1 -1 0 3 2 0 0 2 0/0 16:30 3:13 0:01
Kent Johnson 0 0 0 -3 0 1 1 0 0 0 1/2 14:53 1:14 0:01
Matt Roy 0 0 0 0 0 2 2 1 1 0 0/0 21:36 3:35 2:59
Mattias Janmark 0 3 3 2 0 0 0 0 0 0 0/0 10:52 1:22 2:52
Neal Pionk 0 0 0 -2 0 0 0 1 0 0 0/0 18:56 3:19 0:17
Niko Mikkola 0 1 1 0 4 0 1 3 0 2 0/0 17:19 0:21 0:46
Rasmus Dahlin 0 0 0 1 0 2 1 2 0 0 0/0 21:28 3:23 1:39
Ryan Nugent-Hopkins 0 1 1 0 0 3 1 0 0 1 11/16 17:14 0:26 3:04
Valeri Nichushkin 1 1 2 -1 0 2 1 0 0 0 0/0 17:09 3:15 0:00
William Eklund 1 0 1 1 0 9 2 1 1 0 2/3 19:01 3:18 3:04
William Karlsson 1 1 2 1 0 2 0 0 0 0 3/6 8:41 0:00 2:52
Players Stats for Vegas Golden Knights
Player Name G A P +/- PIM S H SB GA TA FO MP PP MP PK MP
------------------------------------------------------------------------------------
Andreas Athanasiou 0 0 0 1 0 2 0 0 1 1 2/5 10:17 0:02 3:00
Anthony Mantha 0 0 0 0 4 0 1 0 1 1 0/0 10:06 3:14 0:00
Auston Matthews 0 1 1 -1 0 5 3 0 1 0 0/3 21:03 2:56 2:56
Bryan Rust 2 0 2 -1 0 4 4 0 0 0 0/1 19:20 2:56 1:10
Jack Johnson 0 0 0 -2 0 1 0 0 0 0 0/0 16:36 0:00 2:53
Jared McCann 0 1 1 1 0 5 0 1 1 0 1/1 16:32 2:59 0:00
Jordan Staal 1 0 1 0 0 2 3 0 0 0 4/9 14:40 0:02 2:50
Mathew Barzal 0 1 1 -1 0 0 0 0 1 0 0/0 16:10 2:43 1:07
Mathieu Olivier 0 0 0 0 0 0 0 0 0 0 0/0 9:39 0:00 3:12
Mika Zibanejad 0 2 2 0 0 3 2 1 0 0 4/15 16:46 2:56 0:00
Reilly Smith 0 1 1 0 0 0 0 0 1 0 0/1 12:02 0:02 0:15
Roman Josi 0 0 0 1 4 2 0 4 0 1 0/0 23:15 3:14 1:20
Sean Monahan 0 1 1 0 2 4 1 0 0 0 12/24 17:41 2:59 0:00
Shea Theodore 0 1 1 1 0 1 1 2 0 0 0/0 22:20 2:43 1:26
Thomas Chabot 0 0 0 1 0 0 3 0 0 0 0/0 17:54 0:00 3:47
Travis Hamonic 0 0 0 1 0 0 0 2 0 0 0/0 17:26 0:00 3:47
Tyler Toffoli 1 0 1 1 0 4 0 0 1 0 0/0 16:18 2:59 0:00
Zach Bogosian 0 0 0 -2 0 0 5 3 0 1 0/0 14:36 0:00 1:17
3 Stars
1 - Jack Hughes (MNS)
2 - Mattias Janmark (MNS)
3 - Bryan Rust (VGK)
Power Play
Minnesota North Stars - 2 on 5 Attempt(s) - 40.00%
Vegas Golden Knights - 0 on 3 Attempt(s) - 0.00%
Penalty Kill
Minnesota North Stars - 3 on 3 Attempt(s) - 100.00%
- Score 1 goal in Penalty Kill
Vegas Golden Knights - 3 on 5 Attempt(s) - 60.00%
- Score 0 goal in Penalty Kill
Team Stat
Minnesota North Stars - Hits : 18 - Faceoff Wins : 36 - Blocked Shots : 11 - Penalty Minutes : 6
Vegas Golden Knights - Hits : 23 - Faceoff Wins : 23 - Blocked Shots : 13 - Penalty Minutes : 10
Official
Referees : Dan O'Rourke and Gord Dwyer
Linesman : Ryan Jackson and Devin Berg
Game Notes
Jack Hughes has scored a Hat Trick!
Valeri Nichushkin has scored in a empty net!
Finance
Level 1 -- Attendance: 5397 (89.95%) -- Ticket Income $512,715
Level 2 -- Attendance: 4976 (99.52%) -- Ticket Income $273,680
Level 3 -- Attendance: 3000 (100.00%) -- Ticket Income $90,000
Level 4 -- Attendance: 5000 (100.00%) -- Ticket Income $100,000
Luxury Box -- Attendance: 951 (95.10%) -- Ticket Income $180,690
Game was played at the T-Mobile Arena.
Total Attendance: 19324 (96.62%)
Total Ticket Income: $1,157,085
Other Income: $404,980
Total Income: $1,562,065
Minnesota North Stars
5 vs 5 Forward
Center Left Wing Right Wing Time % Phy DF OF
1 Ryan Nugent-Hopkins Kent Johnson Valeri Nichushkin 32 1 2 2
2 Jack Hughes Evgeni Malkin Frank Vatrano 31 1 2 2
3 Brock Nelson William Eklund Jonathan Marchessault 31 1 1 3
4 William Karlsson Ivan Barbashev Mattias Janmark 6 1 2 2
5 vs 5 Defense
Defense Defense Time % Phy DF OF
1 Neal Pionk Matt Roy 34 1 3 1
2 Rasmus Dahlin Erik Cernak 33 1 3 1
3 Gustav Forsling Niko Mikkola 33 1 3 1
4 Rasmus Dahlin Matt Roy 0 0 3 2
PowerPlay Forward
Center Left Wing Right Wing Time % Phy DF OF
1 Jack Hughes Jonathan Marchessault Valeri Nichushkin 50 0 1 4
2 Evgeni Malkin Brock Nelson William Eklund 50 0 1 4
PowerPlay Defense
Defense Defense Time % Phy DF OF
1 Rasmus Dahlin Matt Roy 50 0 2 3
2 Gustav Forsling Neal Pionk 50 0 2 3
Penalty Kill 4 Players Forward
Center Wing Time % Phy DF OF
1 Ryan Nugent-Hopkins William Eklund 50 0 5 0
2 William Karlsson Mattias Janmark 50 0 5 0
Penalty Kill 4 Players Defense
Defense Defense Time % Phy DF OF
1 Erik Cernak Gustav Forsling 50 0 5 0
2 Matt Roy Niko Mikkola 50 0 5 0
Penalty Kill - 3 Players Forward
Forward Time % Phy DF OF
1 Ryan Nugent-Hopkins 50 0 5 0
2 Mattias Janmark 50 0 5 0
Penalty Kill - 3 Players Defense
Defense Defense Time % Phy DF OF
1 Matt Roy Erik Cernak 50 0 5 0
2 Gustav Forsling Niko Mikkola 50 0 5 0
4 vs 4 Forward
Center Wing Time % Phy DF OF
1 Jack Hughes Valeri Nichushkin 50 1 1 3
2 Evgeni Malkin William Eklund 50 1 1 3
4 vs 4 Defense
Defense Defense Time % Phy DF OF
1 Rasmus Dahlin Neal Pionk 50 1 3 1
2 Gustav Forsling Niko Mikkola 50 1 3 1
Last Minutes Offensive
Center Left Wing Right Wing Defense Defense
Jack Hughes Jonathan Marchessault Valeri Nichushkin Rasmus Dahlin Gustav Forsling
Last Minutes Defensive
Center Left Wing Right Wing Defense Defense
Ryan Nugent-Hopkins Mattias Janmark Valeri Nichushkin Erik Cernak Gustav Forsling
Goaltenders
Starting : Logan Thompson
Backup : Charlie Lindgren
Extra Forwards
Normal : William Eklund, Ivan Barbashev, Jonathan Marchessault - PP : William Eklund, Jonathan Marchessault - PK : Jonathan Marchessault
Extra Defensemen
Normal : Neal Pionk, Niko Mikkola, Gustav Forsling - PP : Neal Pionk - PK : Niko Mikkola, Gustav Forsling
Penalty Shots
William Eklund, Jonathan Marchessault, Valeri Nichushkin, Evgeni Malkin, Ryan Nugent-Hopkins
Scratches
Lawson Crouse (Healthy), Dylan DeMelo (Healthy)
Vegas Golden Knights
5 vs 5 Forward
Center Left Wing Right Wing Time % Phy DF OF
1 Mika Zibanejad Auston Matthews Bryan Rust 30 1 2 2
2 Sean Monahan Jared McCann Tyler Toffoli 30 1 2 2
3 Jordan Staal Mathew Barzal Reilly Smith 25 1 2 2
4 Andreas Athanasiou Mathieu Olivier Anthony Mantha 15 1 2 2
5 vs 5 Defense
Defense Defense Time % Phy DF OF
1 Roman Josi Shea Theodore 30 1 2 2
2 Thomas Chabot Travis Hamonic 30 1 2 2
3 Jack Johnson Zach Bogosian 25 1 2 2
4 Roman Josi Shea Theodore 15 1 2 2
PowerPlay Forward
Center Left Wing Right Wing Time % Phy DF OF
1 Mika Zibanejad Auston Matthews Bryan Rust 50 1 2 2
2 Sean Monahan Jared McCann Tyler Toffoli 50 1 2 2
PowerPlay Defense
Defense Defense Time % Phy DF OF
1 Shea Theodore Mathew Barzal 50 1 2 2
2 Roman Josi Anthony Mantha 50 1 2 2
Penalty Kill 4 Players Forward
Center Wing Time % Phy DF OF
1 Jordan Staal Auston Matthews 50 1 2 2
2 Andreas Athanasiou Mathieu Olivier 50 1 2 2
Penalty Kill 4 Players Defense
Defense Defense Time % Phy DF OF
1 Thomas Chabot Travis Hamonic 50 1 2 2
2 Roman Josi Jack Johnson 50 1 2 2
Penalty Kill - 3 Players Forward
Forward Time % Phy DF OF
1 Jordan Staal 50 1 2 2
2 Andreas Athanasiou 50 1 2 2
Penalty Kill - 3 Players Defense
Defense Defense Time % Phy DF OF
1 Thomas Chabot Travis Hamonic 50 1 2 2
2 Shea Theodore Jack Johnson 50 1 2 2
4 vs 4 Forward
Center Wing Time % Phy DF OF
1 Mika Zibanejad Auston Matthews 50 1 2 2
2 Sean Monahan Tyler Toffoli 50 1 2 2
4 vs 4 Defense
Defense Defense Time % Phy DF OF
1 Shea Theodore Roman Josi 50 1 2 2
2 Thomas Chabot Travis Hamonic 50 1 2 2
Last Minutes Offensive
Center Left Wing Right Wing Defense Defense
Sean Monahan Auston Matthews Bryan Rust Shea Theodore Roman Josi
Last Minutes Defensive
Center Left Wing Right Wing Defense Defense
Jordan Staal Mathieu Olivier Reilly Smith Thomas Chabot Travis Hamonic
Goaltenders
Starting : Sergei Bobrovsky
Backup : Mackenzie Blackwood
Extra Forwards
Normal : Sean Monahan, Auston Matthews, Mika Zibanejad - PP : Jordan Staal, Sean Monahan - PK : Bryan Rust
Extra Defensemen
Normal : Thomas Chabot, Shea Theodore, Roman Josi - PP : Thomas Chabot - PK : Shea Theodore, Roman Josi
Penalty Shots
Mika Zibanejad, Sean Monahan, Bryan Rust, Anthony Mantha, Auston Matthews
Scratches
Erik Johnson (Healthy), Cole Smith (Healthy)
% Time on Ice - Minnesota North Stars
Lines # - Real PCT - Wanted PCT - Time Play
Normal Forward
1 - 29% - 32% - 13:09
2 - 32% - 31% - 14:28
3 - 27% - 31% - 12:28
4 - 13% - 6% - 5:49
Normal Defense
1 - 33% - 34% - 14:57
2 - 36% - 33% - 16:26
3 - 32% - 33% - 14:31
4 - 0% - 0% - 0:00
PP Forward
1 - 51% - 50% - 3:41
2 - 49% - 50% - 3:34
PP Defense
1 - 54% - 50% - 3:56
2 - 46% - 50% - 3:19
PK Forward
1 - 52% - 50% - 3:04
2 - 48% - 50% - 2:53
PK Defense
1 - 45% - 50% - 2:41
2 - 55% - 50% - 3:16
PK3 Forward
1 - 0% - 50%
2 - 0% - 50%
PK3 Defense
1 - 0% - 50%
2 - 0% - 50%
44 Forward
1 - 0% - 50%
2 - 0% - 50%
44 Defense
1 - 0% - 50%
2 - 0% - 50%
Last Minute Offensive - 0:00
Last Minute Defensive - 0:54
Total
Forward - 60:00
Defense - 60:00
|
% Time on Ice - Vegas Golden Knights
Lines # - Real PCT - Wanted PCT - Time Play
Normal Forward
1 - 31% - 30% - 14:24
2 - 31% - 30% - 14:07
3 - 24% - 25% - 10:57
4 - 14% - 15% - 6:27
Normal Defense
1 - 30% - 30% - 13:52
2 - 33% - 30% - 14:58
3 - 27% - 25% - 12:25
4 - 10% - 15% - 4:40
PP Forward
1 - 49% - 50% - 2:56
2 - 51% - 50% - 3:01
PP Defense
1 - 46% - 50% - 2:43
2 - 54% - 50% - 3:14
PK Forward
1 - 52% - 50% - 3:45
2 - 48% - 50% - 3:30
PK Defense
1 - 47% - 50% - 3:25
2 - 53% - 50% - 3:50
PK3 Forward
1 - 0% - 50%
2 - 0% - 50%
PK3 Defense
1 - 0% - 50%
2 - 0% - 50%
44 Forward
1 - 0% - 50%
2 - 0% - 50%
44 Defense
1 - 0% - 50%
2 - 0% - 50%
Last Minute Offensive - 0:53
Last Minute Defensive - 0:00
Total
Forward - 60:00
Defense - 60:00
|
Play-by-Play
1st period
0:01 of 1st period - Ryan Nugent-Hopkins wins face-off versus Mika Zibanejad in neutral zone.
0:12 of 1st period - Slapshot by Kent Johnson.
0:12 of 1st period - Shot Blocked by Roman Josi.
0:14 of 1st period - Snap shot by Ryan Nugent-Hopkins.
0:14 of 1st period - Stopped by Sergei Bobrovsky with a rebound.
0:16 of 1st period - Wrist shot by Ryan Nugent-Hopkins.
0:16 of 1st period - Deflect By Kent Johnson.
0:16 of 1st period - Shot Blocked by Shea Theodore.
0:16 of 1st period - Puck is out of play.
0:17 of 1st period - Jared McCann wins face-off versus Jack Hughes in Vegas Golden Knights zone.
0:26 of 1st period - Snap shot by Jack Hughes.
0:26 of 1st period - Shot Blocked by Travis Hamonic.
0:28 of 1st period - Wrist shot by Erik Cernak.
0:28 of 1st period - Shot Blocked by Jared McCann.
1:46 of 1st period - Icing by Niko Mikkola.
1:47 of 1st period - Mika Zibanejad wins face-off versus Jack Hughes in Minnesota North Stars zone.
1:52 of 1st period - Slapshot by Auston Matthews.
1:52 of 1st period - Stopped by Logan Thompson with a rebound.
1:54 of 1st period - Snap shot by Auston Matthews.
1:54 of 1st period - Shot Blocked by Niko Mikkola.
1:56 of 1st period - Wrist shot by Roman Josi.
1:56 of 1st period - Shot Blocked by Jack Hughes.
2:24 of 1st period - Wrist shot by Andreas Athanasiou.
2:24 of 1st period - Shot Blocked by Niko Mikkola.
2:50 of 1st period - Wrist shot by Frank Vatrano.
2:50 of 1st period - Shot Misses the Net.
3:26 of 1st period - Jordan Staal is hit by Frank Vatrano and loses puck.
3:47 of 1st period - Backhand shot by Jack Hughes.
3:47 of 1st period - Goal by Jack Hughes - Minnesota North Stars : 1 - Vegas Golden Knights : 0.
3:48 of 1st period - Brock Nelson wins face-off versus Auston Matthews in neutral zone.
3:55 of 1st period - Slapshot by William Eklund.
3:55 of 1st period - Shot Misses the Net.
3:57 of 1st period - Double Minor Penalty to Roman Josi for Roughing.
3:58 of 1st period - Andreas Athanasiou wins face-off versus William Eklund in Vegas Golden Knights zone.
4:07 of 1st period - Snap shot by Jonathan Marchessault.
4:07 of 1st period - Shot Misses the Net.
4:09 of 1st period - Wrist shot by Jonathan Marchessault.
4:09 of 1st period - Shot Misses the Net.
4:11 of 1st period - Wrist shot by William Eklund.
4:11 of 1st period - Stopped by Sergei Bobrovsky with a rebound.
4:13 of 1st period - Slapshot by Matt Roy.
4:13 of 1st period - Stopped by Sergei Bobrovsky with a rebound.
4:15 of 1st period - Slapshot by Valeri Nichushkin.
4:15 of 1st period - Shot Blocked by Travis Hamonic.
6:54 of 1st period - William Eklund is hit by Zach Bogosian and loses puck.
7:25 of 1st period - Niko Mikkola is hit by Thomas Chabot.
7:57 of 1st period - Penalty to Roman Josi is over, Roman Josi is back on ice.
8:05 of 1st period - Snap shot by Tyler Toffoli.
8:05 of 1st period - Stopped by Logan Thompson with a rebound.
9:23 of 1st period - Erik Cernak is hit by Thomas Chabot and loses puck.
9:59 of 1st period - William Karlsson is hit by Zach Bogosian and loses puck.
10:15 of 1st period - Minor Penalty to Evgeni Malkin for Roughing.
10:16 of 1st period - Ryan Nugent-Hopkins wins face-off versus Sean Monahan in Minnesota North Stars zone.
10:43 of 1st period - Snap shot by William Eklund.
10:43 of 1st period - Goal by William Eklund - Minnesota North Stars : 2 - Vegas Golden Knights : 0.
10:44 of 1st period - Ryan Nugent-Hopkins wins face-off versus Bryan Rust in neutral zone.
11:15 of 1st period - Backhand shot by Sean Monahan.
11:15 of 1st period - Shot Misses the Net.
11:17 of 1st period - Wrist shot by Roman Josi.
11:17 of 1st period - Deflect By Tyler Toffoli.
11:17 of 1st period - Stopped by Logan Thompson with a rebound.
11:19 of 1st period - Slapshot by Roman Josi.
11:19 of 1st period - Stopped by Logan Thompson with a rebound.
12:15 of 1st period - Penalty to Evgeni Malkin is over, Evgeni Malkin is back on ice.
12:49 of 1st period - Minor Penalty to Anthony Mantha for Delaying the game.
12:50 of 1st period - Jack Hughes wins face-off versus Andreas Athanasiou in Vegas Golden Knights zone.
13:25 of 1st period - Wrist shot by William Eklund.
13:25 of 1st period - Stopped by Sergei Bobrovsky without a rebound.
13:26 of 1st period - Jordan Staal wins face-off versus Evgeni Malkin in Vegas Golden Knights zone.
13:51 of 1st period - Slapshot by Jack Hughes.
13:51 of 1st period - Goal by Jack Hughes - Minnesota North Stars : 3 - Vegas Golden Knights : 0.
13:52 of 1st period - Brock Nelson wins face-off versus Mika Zibanejad in neutral zone.
13:55 of 1st period - Mika Zibanejad is hit by Jonathan Marchessault.
13:59 of 1st period - Snap shot by William Eklund.
13:59 of 1st period - Shot Blocked by Roman Josi.
14:01 of 1st period - Backhand shot by Matt Roy.
14:01 of 1st period - Stopped by Sergei Bobrovsky without a rebound.
14:02 of 1st period - Brock Nelson wins face-off versus Mika Zibanejad in Vegas Golden Knights zone.
14:03 of 1st period - Slapshot by William Eklund.
14:03 of 1st period - Stopped by Sergei Bobrovsky with a rebound.
14:05 of 1st period - Snap shot by William Eklund.
14:05 of 1st period - Stopped by Sergei Bobrovsky without a rebound.
14:06 of 1st period - Brock Nelson wins face-off versus Sean Monahan in Vegas Golden Knights zone.
14:10 of 1st period - Off-side.
14:11 of 1st period - Brock Nelson wins face-off versus Sean Monahan in neutral zone.
14:20 of 1st period - Icing by Tyler Toffoli.
14:21 of 1st period - Ryan Nugent-Hopkins wins face-off versus Sean Monahan in Vegas Golden Knights zone.
14:47 of 1st period - Roman Josi is hit by Erik Cernak and loses puck.
15:12 of 1st period - Snap shot by Sean Monahan.
15:12 of 1st period - Stopped by Logan Thompson without a rebound.
15:13 of 1st period - Brock Nelson wins face-off versus Mika Zibanejad in Minnesota North Stars zone.
15:13 of 1st period - Brock Nelson is hit by Bryan Rust.
15:40 of 1st period - Wrist shot by Andreas Athanasiou.
15:40 of 1st period - Stopped by Logan Thompson with a rebound.
15:42 of 1st period - Slapshot by Jack Johnson.
15:42 of 1st period - Shot Blocked by William Eklund.
15:44 of 1st period - Slapshot by Jack Johnson.
15:44 of 1st period - Deflect By William Eklund.
15:44 of 1st period - Stopped by Logan Thompson without a rebound.
15:45 of 1st period - Andreas Athanasiou wins face-off versus Jack Hughes in Minnesota North Stars zone.
15:46 of 1st period - Snap shot by Anthony Mantha.
15:46 of 1st period - Shot Blocked by Evgeni Malkin.
15:48 of 1st period - Snap shot by Mathieu Olivier.
15:48 of 1st period - Shot Misses the Net.
16:00 of 1st period - Snap shot by Andreas Athanasiou.
16:00 of 1st period - Shot Misses the Net.
16:10 of 1st period - Wrist shot by Mika Zibanejad.
16:10 of 1st period - Stopped by Logan Thompson with a rebound.
16:16 of 1st period - Snap shot by Kent Johnson.
16:16 of 1st period - Shot Misses the Net.
16:18 of 1st period - Slapshot by Rasmus Dahlin.
16:18 of 1st period - Shot Blocked by Mika Zibanejad.
16:29 of 1st period - Off-side.
16:30 of 1st period - Sean Monahan wins face-off versus William Karlsson in neutral zone.
16:37 of 1st period - Snap shot by Ivan Barbashev.
16:37 of 1st period - Shot Misses the Net.
17:13 of 1st period - Neal Pionk is hit by Auston Matthews and loses puck.
17:34 of 1st period - Slapshot by Jonathan Marchessault.
17:34 of 1st period - Stopped by Sergei Bobrovsky without a rebound.
17:35 of 1st period - Ryan Nugent-Hopkins wins face-off versus Sean Monahan in Vegas Golden Knights zone.
17:44 of 1st period - Snap shot by Jared McCann.
17:44 of 1st period - Shot Misses the Net.
17:46 of 1st period - Snap shot by Shea Theodore.
17:46 of 1st period - Stopped by Logan Thompson without a rebound.
17:47 of 1st period - Sean Monahan wins face-off versus Ryan Nugent-Hopkins in Minnesota North Stars zone.
18:13 of 1st period - Jack Hughes is hit by Jordan Staal and loses puck.
18:18 of 1st period - Snap shot by Mathew Barzal.
18:18 of 1st period - Shot Blocked by Rasmus Dahlin.
18:43 of 1st period - Snap shot by Auston Matthews.
18:43 of 1st period - Stopped by Logan Thompson without a rebound.
18:44 of 1st period - Ryan Nugent-Hopkins wins face-off versus Sean Monahan in Minnesota North Stars zone.
18:57 of 1st period - Snap shot by Jared McCann.
18:57 of 1st period - Stopped by Logan Thompson with a rebound.
19:38 of 1st period - Snap shot by Mathew Barzal.
19:38 of 1st period - Shot Misses the Net.
19:40 of 1st period - Slapshot by Reilly Smith.
19:40 of 1st period - Shot Blocked by Neal Pionk.
Goals for this period are 3 for Minnesota North Stars vs 0 for Vegas Golden Knights.
Shots for this period are 11 for Minnesota North Stars vs 11 for Vegas Golden Knights.
2nd period
0:01 of 2nd period - Brock Nelson wins face-off versus Mika Zibanejad in neutral zone.
0:14 of 2nd period - Wrist shot by Brock Nelson.
0:14 of 2nd period - Shot Blocked by Roman Josi.
0:49 of 2nd period - Wrist shot by Reilly Smith.
0:49 of 2nd period - Shot Hit the Post.
0:51 of 2nd period - Slapshot by Travis Hamonic.
0:51 of 2nd period - Shot Misses the Net.
1:11 of 2nd period - Brock Nelson is hit by Bryan Rust and loses puck.
1:17 of 2nd period - Off-side.
1:18 of 2nd period - Ryan Nugent-Hopkins wins face-off versus Sean Monahan in neutral zone.
2:28 of 2nd period - Wrist shot by Evgeni Malkin.
2:28 of 2nd period - Shot Blocked by Zach Bogosian.
2:30 of 2nd period - Slapshot by Gustav Forsling.
2:30 of 2nd period - Stopped by Sergei Bobrovsky without a rebound.
2:31 of 2nd period - Jack Hughes wins face-off versus Sean Monahan in Vegas Golden Knights zone.
2:41 of 2nd period - Minor Penalty to Sean Monahan for Tripping.
2:42 of 2nd period - Jordan Staal wins face-off versus Evgeni Malkin in Vegas Golden Knights zone.
2:48 of 2nd period - Snap shot by Auston Matthews.
2:48 of 2nd period - Stopped by Logan Thompson with a rebound.
4:09 of 2nd period - Mathieu Olivier is hit by Brock Nelson and loses puck.
4:32 of 2nd period - Matt Roy is hit by Bryan Rust and loses puck.
4:41 of 2nd period - Penalty to Sean Monahan is over, Sean Monahan is back on ice.
5:05 of 2nd period - Snap shot by Bryan Rust.
5:05 of 2nd period - Stopped by Logan Thompson with a rebound.
5:07 of 2nd period - Slapshot by Jack Johnson.
5:07 of 2nd period - Shot Blocked by Niko Mikkola.
5:11 of 2nd period - Wrist shot by Bryan Rust.
5:11 of 2nd period - Stopped by Logan Thompson without a rebound.
5:12 of 2nd period - Kent Johnson wins face-off versus Andreas Athanasiou in Minnesota North Stars zone.
5:21 of 2nd period - Anthony Mantha is hit by Rasmus Dahlin.
5:38 of 2nd period - Wrist shot by Roman Josi.
5:38 of 2nd period - Stopped by Logan Thompson with a rebound.
5:40 of 2nd period - Wrist shot by Tyler Toffoli.
5:40 of 2nd period - Shot Misses the Net.
5:52 of 2nd period - Brock Nelson is hit by Jordan Staal and loses puck.
6:19 of 2nd period - Snap shot by Ivan Barbashev.
6:19 of 2nd period - Shot Misses the Net.
7:31 of 2nd period - Slapshot by Rasmus Dahlin.
7:31 of 2nd period - Deflect By Bryan Rust.
7:31 of 2nd period - Stopped by Sergei Bobrovsky without a rebound.
7:32 of 2nd period - Brock Nelson wins face-off versus Sean Monahan in Vegas Golden Knights zone.
7:33 of 2nd period - Wrist shot by William Eklund.
7:33 of 2nd period - Shot Blocked by Zach Bogosian.
7:39 of 2nd period - Jonathan Marchessault is hit by Zach Bogosian.
7:59 of 2nd period - Kent Johnson is hit by Zach Bogosian and loses puck.
8:22 of 2nd period - Snap shot by Ivan Barbashev.
8:22 of 2nd period - Stopped by Sergei Bobrovsky without a rebound.
8:23 of 2nd period - William Karlsson wins face-off versus Mika Zibanejad in Vegas Golden Knights zone.
8:36 of 2nd period - Neal Pionk is hit by Auston Matthews and loses puck.
8:49 of 2nd period - Slapshot by Neal Pionk.
8:49 of 2nd period - Shot Blocked by Zach Bogosian.
8:51 of 2nd period - Wrist shot by Brock Nelson.
8:51 of 2nd period - Shot Misses the Net.
9:37 of 2nd period - Minor Penalty to Anthony Mantha for High sticking.
9:38 of 2nd period - Jack Hughes wins face-off versus Jordan Staal in Vegas Golden Knights zone.
9:50 of 2nd period - Snap shot by Valeri Nichushkin.
9:50 of 2nd period - Deflect By Jack Hughes.
9:50 of 2nd period - Stopped by Sergei Bobrovsky with a rebound.
9:52 of 2nd period - Slapshot by Jack Hughes.
9:52 of 2nd period - Goal by Jack Hughes - Minnesota North Stars : 4 - Vegas Golden Knights : 0.
9:53 of 2nd period - Brock Nelson wins face-off versus Auston Matthews in neutral zone.
9:58 of 2nd period - Snap shot by William Eklund.
9:58 of 2nd period - Stopped by Sergei Bobrovsky without a rebound.
9:59 of 2nd period - Brock Nelson wins face-off versus Mika Zibanejad in Vegas Golden Knights zone.
10:07 of 2nd period - Wrist shot by Brock Nelson.
10:07 of 2nd period - Shot Misses the Net.
11:11 of 2nd period - Erik Cernak is hit by Anthony Mantha and loses puck.
11:18 of 2nd period - Snap shot by Andreas Athanasiou.
11:18 of 2nd period - Stopped by Logan Thompson without a rebound.
11:19 of 2nd period - Sean Monahan wins face-off versus Ryan Nugent-Hopkins in Minnesota North Stars zone.
11:24 of 2nd period - Slapshot by Tyler Toffoli.
11:24 of 2nd period - Goal by Tyler Toffoli - Minnesota North Stars : 4 - Vegas Golden Knights : 1.
11:25 of 2nd period - Ryan Nugent-Hopkins wins face-off versus Auston Matthews in neutral zone.
11:52 of 2nd period - Tyler Toffoli is hit by Jack Hughes and loses puck.
11:59 of 2nd period - Wrist shot by Frank Vatrano.
11:59 of 2nd period - Stopped by Sergei Bobrovsky without a rebound.
12:00 of 2nd period - Brock Nelson wins face-off versus Jordan Staal in Vegas Golden Knights zone.
12:25 of 2nd period - Matt Roy is hit by Zach Bogosian and loses puck.
12:30 of 2nd period - Slapshot by Tyler Toffoli.
12:30 of 2nd period - Shot Misses the Net.
12:54 of 2nd period - Wrist shot by Mika Zibanejad.
12:54 of 2nd period - Stopped by Logan Thompson without a rebound.
12:55 of 2nd period - Jordan Staal wins face-off versus Brock Nelson in Minnesota North Stars zone.
13:06 of 2nd period - Snap shot by William Eklund.
13:06 of 2nd period - Stopped by Sergei Bobrovsky with a rebound.
13:08 of 2nd period - Snap shot by Brock Nelson.
13:08 of 2nd period - Shot Blocked by Shea Theodore.
13:12 of 2nd period - Snap shot by William Eklund.
13:12 of 2nd period - Shot Misses the Net.
13:30 of 2nd period - Backhand shot by Kent Johnson.
13:30 of 2nd period - Stopped by Sergei Bobrovsky without a rebound.
13:31 of 2nd period - Mika Zibanejad wins face-off versus Jack Hughes in Vegas Golden Knights zone.
14:43 of 2nd period - Slapshot by Erik Cernak.
14:43 of 2nd period - Shot Misses the Net.
14:53 of 2nd period - Wrist shot by William Karlsson.
14:53 of 2nd period - Stopped by Sergei Bobrovsky without a rebound.
14:54 of 2nd period - Sean Monahan wins face-off versus Frank Vatrano in Vegas Golden Knights zone.
15:26 of 2nd period - Ryan Nugent-Hopkins is hit by Mika Zibanejad and loses puck.
15:33 of 2nd period - Wrist shot by Auston Matthews.
15:33 of 2nd period - Shot Misses the Net.
16:21 of 2nd period - Snap shot by Jonathan Marchessault.
16:21 of 2nd period - Stopped by Sergei Bobrovsky with a rebound.
16:51 of 2nd period - Slapshot by Jordan Staal.
16:51 of 2nd period - Stopped by Logan Thompson without a rebound.
16:52 of 2nd period - Sean Monahan wins face-off versus Jack Hughes in Minnesota North Stars zone.
17:02 of 2nd period - Off-side.
17:03 of 2nd period - Ryan Nugent-Hopkins wins face-off versus Mika Zibanejad in neutral zone.
17:57 of 2nd period - Wrist shot by Jack Hughes.
17:57 of 2nd period - Shot Misses the Net.
18:04 of 2nd period - Off-side.
18:05 of 2nd period - Sean Monahan wins face-off versus Ryan Nugent-Hopkins in neutral zone.
18:07 of 2nd period - Off-side.
18:08 of 2nd period - Sean Monahan wins face-off versus Ryan Nugent-Hopkins in neutral zone.
18:15 of 2nd period - Wrist shot by Tyler Toffoli.
18:15 of 2nd period - Stopped by Logan Thompson with a rebound.
18:17 of 2nd period - Slapshot by Jared McCann.
18:17 of 2nd period - Stopped by Logan Thompson without a rebound.
18:18 of 2nd period - Sean Monahan wins face-off versus Jack Hughes in Minnesota North Stars zone.
18:50 of 2nd period - Snap shot by Gustav Forsling.
18:50 of 2nd period - Stopped by Sergei Bobrovsky with a rebound.
19:26 of 2nd period - Mattias Janmark is hit by Thomas Chabot and loses puck.
19:33 of 2nd period - Wrist shot by Jared McCann.
19:33 of 2nd period - Stopped by Logan Thompson with a rebound.
19:35 of 2nd period - Slapshot by Jack Johnson.
19:35 of 2nd period - Shot Misses the Net.
Goals for this period are 1 for Minnesota North Stars vs 1 for Vegas Golden Knights.
Shots for this period are 12 for Minnesota North Stars vs 11 for Vegas Golden Knights.
3rd period
0:01 of 3rd period - Sean Monahan wins face-off versus Ryan Nugent-Hopkins in neutral zone.
0:06 of 3rd period - Snap shot by Sean Monahan.
0:06 of 3rd period - Stopped by Logan Thompson without a rebound.
0:07 of 3rd period - Sean Monahan wins face-off versus Kent Johnson in Minnesota North Stars zone.
0:14 of 3rd period - Snap shot by Sean Monahan.
0:14 of 3rd period - Stopped by Logan Thompson without a rebound.
0:15 of 3rd period - Sean Monahan wins face-off versus Jack Hughes in Minnesota North Stars zone.
0:18 of 3rd period - Snap shot by Jared McCann.
0:18 of 3rd period - Shot Misses the Net.
1:15 of 3rd period - Off-side.
1:16 of 3rd period - Jack Hughes wins face-off versus Andreas Athanasiou in neutral zone.
1:54 of 3rd period - Slapshot by Bryan Rust.
1:54 of 3rd period - Goal by Bryan Rust - Minnesota North Stars : 4 - Vegas Golden Knights : 2.
1:55 of 3rd period - Mika Zibanejad wins face-off versus Brock Nelson in neutral zone.
1:58 of 3rd period - William Eklund is hit by Bryan Rust and loses puck.
2:49 of 3rd period - Snap shot by Valeri Nichushkin.
2:49 of 3rd period - Stopped by Sergei Bobrovsky with a rebound.
2:51 of 3rd period - Snap shot by Ryan Nugent-Hopkins.
2:51 of 3rd period - Stopped by Sergei Bobrovsky without a rebound.
2:52 of 3rd period - Jordan Staal wins face-off versus Brock Nelson in Vegas Golden Knights zone.
2:52 of 3rd period - Jordan Staal is hit by Brock Nelson.
3:04 of 3rd period - Jordan Staal is hit by Matt Roy and loses puck.
3:19 of 3rd period - Matt Roy is hit by Auston Matthews and loses puck.
3:34 of 3rd period - Bryan Rust is hit by Kent Johnson and loses puck.
3:58 of 3rd period - Snap shot by Jared McCann.
3:58 of 3rd period - Shot Blocked by Frank Vatrano.
4:04 of 3rd period - Minor Penalty to Niko Mikkola for Unsportsmanlike conduct.
4:05 of 3rd period - Mika Zibanejad wins face-off versus William Karlsson in Minnesota North Stars zone.
4:16 of 3rd period - Slapshot by Auston Matthews.
4:16 of 3rd period - Shot Misses the Net.
4:18 of 3rd period - Wrist shot by Bryan Rust.
4:18 of 3rd period - Shot Misses the Net.
4:20 of 3rd period - Snap shot by Auston Matthews.
4:20 of 3rd period - Shot Misses the Net.
4:22 of 3rd period - Slapshot by Auston Matthews.
4:22 of 3rd period - Shot Misses the Net.
5:10 of 3rd period - Mattias Janmark is hit by Mika Zibanejad and loses puck.
5:23 of 3rd period - Sean Monahan is hit by William Eklund and loses puck.
6:04 of 3rd period - Penalty to Niko Mikkola is over, Niko Mikkola is back on ice.
6:28 of 3rd period - Slapshot by Kent Johnson.
6:28 of 3rd period - Shot Misses the Net.
6:49 of 3rd period - Snap shot by Reilly Smith.
6:49 of 3rd period - Shot Hit the Post.
6:51 of 3rd period - Snap shot by Jordan Staal.
6:51 of 3rd period - Goal by Jordan Staal - Minnesota North Stars : 4 - Vegas Golden Knights : 3.
6:52 of 3rd period - Jack Hughes wins face-off versus Mika Zibanejad in neutral zone.
7:33 of 3rd period - Wrist shot by Auston Matthews.
7:33 of 3rd period - Stopped by Logan Thompson with a rebound.
7:35 of 3rd period - Wrist shot by Auston Matthews.
7:35 of 3rd period - Stopped by Logan Thompson with a rebound.
7:37 of 3rd period - Snap shot by Mika Zibanejad.
7:37 of 3rd period - Stopped by Logan Thompson with a rebound.
9:13 of 3rd period - Wrist shot by Rasmus Dahlin.
9:13 of 3rd period - Stopped by Sergei Bobrovsky with a rebound.
9:36 of 3rd period - Snap shot by Bryan Rust.
9:36 of 3rd period - Goal by Bryan Rust - Minnesota North Stars : 4 - Vegas Golden Knights : 4.
9:37 of 3rd period - William Eklund wins face-off versus Jordan Staal in neutral zone.
9:42 of 3rd period - Snap shot by Brock Nelson.
9:42 of 3rd period - Shot Blocked by Roman Josi.
9:44 of 3rd period - Snap shot by Brock Nelson.
9:44 of 3rd period - Shot Misses the Net.
9:46 of 3rd period - Snap shot by Neal Pionk.
9:46 of 3rd period - Shot Misses the Net.
9:48 of 3rd period - Snap shot by Brock Nelson.
9:48 of 3rd period - Stopped by Sergei Bobrovsky with a rebound.
9:50 of 3rd period - Slapshot by Jonathan Marchessault.
9:50 of 3rd period - Stopped by Sergei Bobrovsky with a rebound.
10:13 of 3rd period - Snap shot by Andreas Athanasiou.
10:13 of 3rd period - Shot Misses the Net.
10:29 of 3rd period - Sean Monahan is hit by Niko Mikkola and loses puck.
10:51 of 3rd period - Roman Josi is hit by Jonathan Marchessault and loses puck.
11:23 of 3rd period - Gustav Forsling is hit by Shea Theodore and loses puck.
12:03 of 3rd period - Tyler Toffoli is hit by Brock Nelson and loses puck.
12:10 of 3rd period - Tyler Toffoli is hit by Matt Roy and loses puck.
12:25 of 3rd period - Kent Johnson is hit by Jordan Staal and loses puck.
12:45 of 3rd period - Shea Theodore is hit by William Eklund and loses puck.
13:19 of 3rd period - Icing by Brock Nelson.
13:20 of 3rd period - Brock Nelson wins face-off versus Jordan Staal in Minnesota North Stars zone.
13:38 of 3rd period - Shea Theodore is hit by Valeri Nichushkin and loses puck.
13:49 of 3rd period - Erik Cernak is hit by Sean Monahan.
13:53 of 3rd period - Wrist shot by Jared McCann.
13:53 of 3rd period - Stopped by Logan Thompson with a rebound.
14:14 of 3rd period - Wrist shot by William Karlsson.
14:14 of 3rd period - Goal by William Karlsson - Minnesota North Stars : 5 - Vegas Golden Knights : 4.
14:15 of 3rd period - Ryan Nugent-Hopkins wins face-off versus Reilly Smith in neutral zone.
14:33 of 3rd period - Minor Penalty to Niko Mikkola for High sticking.
14:34 of 3rd period - William Karlsson wins face-off versus Sean Monahan in Minnesota North Stars zone.
14:42 of 3rd period - Wrist shot by Jared McCann.
14:42 of 3rd period - Stopped by Logan Thompson without a rebound.
14:43 of 3rd period - Sean Monahan wins face-off versus William Karlsson in Minnesota North Stars zone.
15:20 of 3rd period - Backhand shot by William Eklund.
15:20 of 3rd period - Stopped by Sergei Bobrovsky without a rebound.
15:21 of 3rd period - Ryan Nugent-Hopkins wins face-off versus Mika Zibanejad in Vegas Golden Knights zone.
15:47 of 3rd period - Slapshot by Rasmus Dahlin.
15:47 of 3rd period - Deflect By Mattias Janmark.
15:47 of 3rd period - Shot Misses the Net.
15:47 of 3rd period - Puck is out of play.
15:48 of 3rd period - William Karlsson wins face-off versus Mika Zibanejad in Vegas Golden Knights zone.
16:03 of 3rd period - Wrist shot by William Karlsson.
16:03 of 3rd period - Shot Misses the Net.
16:13 of 3rd period - Mika Zibanejad is hit by Ryan Nugent-Hopkins and loses puck.
16:20 of 3rd period - Slapshot by Ryan Nugent-Hopkins.
16:20 of 3rd period - Stopped by Sergei Bobrovsky without a rebound.
16:21 of 3rd period - William Eklund wins face-off versus Sean Monahan in Vegas Golden Knights zone.
16:24 of 3rd period - Slapshot by William Eklund.
16:24 of 3rd period - Stopped by Sergei Bobrovsky with a rebound.
16:33 of 3rd period - Penalty to Niko Mikkola is over, Niko Mikkola is back on ice.
16:34 of 3rd period - Snap shot by Sean Monahan.
16:34 of 3rd period - Shot Blocked by Rasmus Dahlin.
16:46 of 3rd period - Wrist shot by Anthony Mantha.
16:46 of 3rd period - Shot Blocked by Matt Roy.
17:59 of 3rd period - Wrist shot by Brock Nelson.
17:59 of 3rd period - Stopped by Sergei Bobrovsky with a rebound.
18:36 of 3rd period - Vegas Golden Knights, Sergei Bobrovsky is pulled from the net.
18:40 of 3rd period - Slapshot by Sean Monahan.
18:40 of 3rd period - Stopped by Logan Thompson without a rebound.
18:41 of 3rd period - Brock Nelson wins face-off versus Sean Monahan in Minnesota North Stars zone.
19:17 of 3rd period - Bryan Rust is hit by Erik Cernak and loses puck.
19:56 of 3rd period - Wrist shot by Valeri Nichushkin.
19:56 of 3rd period - Goal by Valeri Nichushkin - Minnesota North Stars : 6 - Vegas Golden Knights : 4.
19:56 of 3rd period - Sergei Bobrovsky from Vegas Golden Knights was sent back in the game.
19:57 of 3rd period - Brock Nelson wins face-off versus Jordan Staal in neutral zone.
Goals for this period are 2 for Minnesota North Stars vs 3 for Vegas Golden Knights.
Shots for this period are 11 for Minnesota North Stars vs 11 for Vegas Golden Knights.
Back to the Top